 Dungeon Crawl Stone Soup version 0.25-a0-576-g50b708a4c4 (webtiles) character file.

Game seed: 1030827934480499664, levelgen mode: deterministic

144442 ReteAZ the Thaumaturge (level 17, -7/133 HPs)
             Began as a Gnoll Warper on Feb 29, 2020.
             Was the Champion of Cheibriados.
             Mangled by the 27-headed Lernaean hydra (13 damage)
             ... on level 4 of the Swamp on Mar 1, 2020.
             The game lasted 01:16:44 (26985 turns).

ReteAZ the Thaumaturge (Gnoll Warper)              Turns: 26985, Time: 01:16:45

Health: -7/133     AC: 16    Str: 35    XL:     17   Next: 40%
Magic:  42/42      EV: 24    Int: 35    God:    Cheibriados [******]
Gold:   2978       SH: 22    Dex: 32    Spells: 21/40 levels left

rFire    . . .     SeeInvis .   y - +7 trident of the Jester {vamp, MP+9}
rCold    . . .     Gourm    +   C - +0 tower shield
rNeg     + + .     Faith    .   N - +1 leather armour of Zin's Benevolence {-Tele rElec rPois MR++}
rPois    +         Spirit   .   R - +2 helmet
rElec    +         Reflect  .   X - +1 cloak
rCorr    +         Harm     .   Z - +2 pair of gloves of the Big Bang {rPois Regen+}
MR       +++..     NoTele   +   k - +0 pair of boots
Stlth    ++++++....             n - amulet of Joesenes {Gourm Int+2}
HPRegen  0.72/turn              b - ring "Tewonn" {rN++ rCorr Str+4}
MPRegen  0.28/turn              i - +4 ring of slaying

@: lethally poisoned (-7 -> -8), very slow
A: distributed training, fangs 1, hooves 1, mutation resistance 1, strong nose
a: Bend Time, Temporal Distortion, Slouch, Step From Time, Renounce Religion


You were on level 4 of the Swamp.
You worshipped Cheibriados.
Cheibriados was exalted by your worship.
You were very full.

You visited 5 branches of the dungeon, and saw 28 of its levels.
You also visited: Sewer, Gauntlet and Ice Cave.

You collected 3524 gold pieces.
You spent 546 gold pieces at shops.

Inventory:

Hand Weapons
 y - the +7 trident of the Jester (weapon) {vamp, MP+9}
   (You took it off an ogre mage on level 12 of the Dungeon)

   It inflicts no extra harm, but heals its wielder when it wounds a living foe.
   It affects your magic capacity (+9).
 Y - the +1 trident of the Beast {holy, rF+}
   (You found it on level 1 of the Lair of Beasts)

   It has been blessed by the Shining One to cause great damage to the undead
   and demons.
   It protects you from fire.
Missiles
 s - 14 silver javelins
 I - 44 boomerangs (quivered)
 T - a throwing net
Armour
 k - a +0 pair of boots (worn)
 C - a +0 tower shield (worn)
 N - the +1 leather armour of Zin's Benevolence (worn) {-Tele rElec rPois MR++}
   (You found it on level 12 of the Dungeon)

   It insulates you from electricity.
   It protects you from poison.
   It affects your resistance to hostile enchantments.
   It prevents most forms of teleportation.
   If you remove this armour, your AC will decrease by 5 (16 -> 11).
 O - a +1 scale mail of fire resistance
 R - a +2 helmet (worn)
 V - the +4 cloak of Deopt {+Inv Str+7 Slay-4}
   (You bought it in a shop on level 2 of the Orcish Mines)

   It affects your strength (+7).
   It affects your accuracy and damage with ranged weapons and melee attacks
   (-4).
   It lets you turn invisible.
   If you switch to wearing this armour, your AC will increase by 3 (16 -> 19).
 X - a +1 cloak (worn)
 Z - the +2 pair of gloves of the Big Bang (worn) {rPois Regen+}
   (You found it in a Gauntlet)

   It protects you from poison.
   It increases your rate of regeneration.
   If you remove this armour, your AC will decrease by 3 (16 -> 13).
Jewellery
 a - the ring "Patuali" {rPois MP+9 Str+2 Stlth+}
   (You found it on level 11 of the Dungeon)

   [ring of magical power]

   It affects your strength (+2).
   It protects you from poison.
   It affects your magic capacity (+9).
   It makes you more stealthy.
 b - the ring "Tewonn" (left hand) {rN++ rCorr Str+4}
   (You found it on level 12 of the Dungeon)

   [ring of resist corrosion]

   It affects your strength (+4).
   It greatly protects you from negative energy.
   It provides partial protection from all sources of acid and corrosion.
 i - a +4 ring of slaying (right hand)
 n - the amulet of Joesenes (around neck) {Gourm Int+2}
   (You found it in an ice cave)

   [amulet of the gourmand]

   It allows you to eat raw meat even when not hungry.
   It affects your intelligence (+2).
 p - an uncursed ring of protection from fire
 M - the ring "Upirphyu" {*Slow rC++ EV+1}
   (You found it in a Gauntlet)

   [ring of evasion]

   It affects your evasion (+1).
   It greatly protects you from cold.
   It may slow you when you take damage.
 S - an uncursed ring of protection from magic
Wands
 e - a wand of paralysis (20)
 j - a wand of digging (4)
 u - a wand of disintegration (24)
 B - a wand of iceblast (15)
 H - a wand of acid (16)
 U - a wand of flame (27)
 W - a wand of polymorph (19)
Scrolls
 c - 3 scrolls of blinking
 d - 2 scrolls of holy word
 l - 12 scrolls of remove curse
 m - 2 scrolls of amnesia
 q - 3 scrolls of fog
 t - 18 scrolls of teleportation
 F - 2 scrolls of enchant weapon
 G - 7 scrolls of enchant armour
 J - a scroll of magic mapping
 P - 3 scrolls of identify
Potions
 g - a potion of flight
 h - 8 potions of curing
 o - 2 potions of stabbing
 r - 4 potions of might
 v - 3 potions of resistance
 w - a potion of invisibility {unknown}
 z - 2 potions of heal wounds
 A - 2 potions of brilliance {unknown}
 D - a potion of magic {unknown}
 E - a potion of cancellation
 L - 2 potions of haste {unknown}
 Q - 2 potions of ambrosia {unknown}
Miscellaneous
 K - a lamp of fire
Comestibles
 f - 37 rations


   Skills:
 + Level 12.1 Fighting
 + Level 11.3 Short Blades
 + Level 11.3 Long Blades
 + Level 11.3 Axes
 + Level 11.3 Maces & Flails
 + Level 11.3 Polearms
 + Level 11.3 Staves
 + Level 11.3 Slings
 + Level 11.3 Bows
 + Level 11.3 Crossbows
 + Level 11.6 Throwing
 + Level 11.6 Armour
 + Level 12.1 Dodging
 + Level 11.3 Stealth
 + Level 11.3 Shields
 + Level 12.1 Unarmed Combat
 + Level 12.2 Spellcasting
 + Level 9.6 Conjurations
 + Level 9.6 Hexes
 + Level 9.6 Charms
 + Level 9.6 Summonings
 + Level 9.6 Necromancy
 + Level 11.0 Translocations
 + Level 9.6 Transmutations
 + Level 9.6 Fire Magic
 + Level 9.6 Ice Magic
 + Level 9.6 Air Magic
 + Level 9.6 Earth Magic
 + Level 9.6 Poison Magic
 + Level 12.2 Invocations
 + Level 11.3 Evocations


You had 21 spell levels left.
You knew the following spells:

 Your Spells              Type           Power        Failure   Level  Hunger
a - Blink                 Tloc           N/A          1%          2    None
b - Passage of Golubria   Tloc           N/A          1%          4    None
c - Confusing Touch       Hex            ######..     1%          3    None
d - Borgnjor's Vile Clut  Necr/Erth      ######....   7%          5    None
e - Silence               Hex/Air        ######....   7%          5    None

Your spell library contained the following spells:

 Spells                   Type           Power        Failure   Level  Hunger
 Animate Skeleton         Necr           N/A          1%          1    None
 Apportation              Tloc           ######       1%          1    None
 Corona                   Hex            ######.      1%          1    None
 Magic Dart               Conj           ####         1%          1    None
 Shock                    Conj/Air       ####         1%          1    None
 Sting                    Tmut/Pois      ####         1%          1    None
 Summon Small Mammal      Summ           ####         1%          1    None
 Call Imp                 Summ           ######..     1%          2    None
 Ensorcelled Hibernation  Hex/Ice        ######       1%          2    None
 Passwall                 Tmut/Erth      ######..     1%          2    None
 Poisonous Vapours        Pois/Air       ######       1%          2    None
 Shroud of Golubria       Chrm/Tloc      ######       1%          2    None
 Slow                     Hex            ######..     1%          2    None
 Conjure Flame            Conj/Fire      ######..     1%          3    None
 Gell's Gravitas          Tloc           #######...   1%          3    None
 Ignite Poison            Fire/Tmut/Pois ######..     1%          3    None
 Lesser Beckoning         Tloc           #######...   1%          3    None
 Mephitic Cloud           Conj/Pois/Air  ######..     1%          3    None
 Teleport Other           Tloc           #######.     1%          3    None
 Airstrike                Air            ######....   2%          4    None
 Olgreb's Toxic Radiance  Pois           ######..     2%          4    None
 Petrify                  Tmut/Erth      ######..     2%          4    None
 Bolt of Magma            Conj/Fire/Erth ######....   7%          5    None
 Fireball                 Conj/Fire      ######....   7%          5    None
 Irradiate                Conj/Tmut      ######....   7%          5    None
 Lightning Bolt           Conj/Air       ######....   7%          5    None
 Metabolic Englaciation   Hex/Ice        ######....   7%          5    None
 Yara's Violent Unravell  Hex/Tmut       ######....   7%          5    None
 Darkness                 Hex            ######....   36%         6    ####...
 Deflect Missiles         Chrm/Air       ######....   36%         6    ####...
 Hydra Form               Tmut           ######....   36%         6    ####...
 Shadow Creatures         Summ           N/A          36%         6    ####...
 Starburst                Conj/Fire      ######....   36%         6    ####...
 Statue Form              Tmut/Erth      ######...    36%         6    ####...
 Dragon Form              Tmut           ######....   90%         7    #####..
 Ring of Flames           Chrm/Fire      ######....   90%         7    #####..
 Ignition                 Fire           ######....   100%        8    #######
 Tornado                  Air            ######....   100%        9    #######


Dungeon Overview and Level Annotations

Branches:
Dungeon (15/15)            Temple (1/1) D:6            Lair (6/6) D:11
  Swamp (4/4) Lair:2       Spider (0/4) Lair:3        Slime (0/5) Lair:6
    Orc (2/2) D:11            Elf (0/3) Orc:2        Vaults (0/5) D:13
 Depths (0/5) D:15          Sewer (visited)           IceCv (visited)
Gauntlet (visited)

Altars:
Ashenzari
Cheibriados
Elyvilon
Fedhas
Gozag
Hepliaklqana
Kikubaaqudgha
Makhleb
Qazlal
Ru
Wu Jian
Xom
Jiyva

Shops:
D:4 *   D:9 =   Orc:1 %   Orc:2 (*}[*

Annotations:
Lair:1 3 runed translucent doors, Nixze's ghost, journeyman GrVM
Swamp:4 Lernaean hydra


Innate Abilities, Weirdness & Mutations

Your experience applies equally to all skills.
You have very sharp teeth.
Your uncanny sense of smell can sniff out nearby items.
You have large cloven feet.
You are somewhat resistant to further mutation.


Message History

The 27-headed Lernaean hydra misses you.
The 27-headed Lernaean hydra closely misses you.
The 27-headed Lernaean hydra bites you!
* * * LOW HITPOINT WARNING * * *
The 27-headed Lernaean hydra bites you but does no damage.
The 27-headed Lernaean hydra bites you.
* * * LOW HITPOINT WARNING * * *
You block the 27-headed Lernaean hydra's attack.
The 27-headed Lernaean hydra bites you!
* * * LOW HITPOINT WARNING * * *
The 27-headed Lernaean hydra bites you.
* * * LOW HITPOINT WARNING * * *
The 27-headed Lernaean hydra bites you.
* * * LOW HITPOINT WARNING * * *
The 27-headed Lernaean hydra misses you.
The 27-headed Lernaean hydra bites you!
* * * LOW HITPOINT WARNING * * *
You block the 27-headed Lernaean hydra's attack.
The 27-headed Lernaean hydra bites you!
You die...

♣....♣≈♣♣≈........
.......≈≈♣≈≈≈≈≈≈≈.
≈#......≈≈≈≈≈≈≈§♣ ∆
♣.......≈≈≈≈≈≈.♣
♣♣≈.#.≈...≈≈≈≈≈.♣ ♣♣
♣≈..≈††≈≈♣.≈≈≈≈≈≈ ###
♣≈.♣♣♣♣♣....≈.♣≈≈≈≈≈≈.
##≈≈#####≈.♣♣♣.......≈≈≈≈≈≈.
≈#≈.≈≈.≈####@♣♣≈....≈♣.≈≈≈≈
≈≈≈≈≈≈.☼°#DyDD.....≈♣♣♣≈.≈≈
D........≈Dy...≈≈.≈≈.♣ ♣≈.
≈#.≈≈≈.≈.##≈..♣≈..≈≈.♣ ..
≈≈.≈≈#≈######.♣♣≈.≈§...
≈≈.y≈≈# ##≈.♣♣♣§≈≈≈≈.≈≈
.#.≈≈≈ #≈.♣♣ ≈..≈≈≈.≈♣
#≈.≈≈# #♣♣♣ ≈..≈.≈♣♣♣ ≈≈.≈≈
..♣♣♣♣


You could see the 27-headed Lernaean hydra, 3 swamp dragons and 2 vampire
mosquitoes.

Vanquished Creatures
  A tentacled monstrosity (Swamp:2)
  Rupert (D:12)
  2 thorn hunters
  A frost giant (IceCv)
  A juggernaut skeleton (D:15)
  A very ugly thing (Swamp:4)
  A dire elephant (Lair:6)
  A minotaur (Gauntlet)
  Josephine (D:12)
  An ogre mage (D:12)
  15 hydras
  Harold (D:11)
  8 vault guards (D:13)
  Erolcha (D:9)
  A centaur warrior (D:15)
  A merfolk avatar (Lair:6)
  11 alligators
  A death knight (D:13)
  7 death yaks
  A catoblepas (Lair:6)
  5 two-headed ogres
  A tengu warrior (D:15)
  8 skeletal warriors
  6 unseen horrors
  2 wizards
  A sea snake (Lair:6)
  A flayed ghost (D:15)
  5 swamp dragons
  A spriggan druid (Swamp:2)
  A lindwurm (Lair:3)
  2 necromancers
  A harpy (Lair:6)
  An orb spider (Lair:3)
  A wolf spider (D:12)
  A stone giant zombie (D:15)
  4 orc knights
  A manticore (D:12)
  A deep elf mage (D:14)
  4 cyclopes
  12 ugly things
  A worldbinder (Gauntlet)
  A salamander (shapeshifter) (D:14)
  3 centaur zombies
  9 elephants
  An ice statue (IceCv)
  4 black mambas
  A gargoyle (D:12)
  27 spiny frogs
  A molten gargoyle (D:14)
  A spiny frog (shapeshifter) (D:14)
  Psyche (D:9)
  7 rime drakes
  14 komodo dragons
  7 trolls
  A wind drake (Lair:6)
  3 meliai (D:15)
  14 polar bears
  10 tyrant leeches
  2 guardian mummies (D:15)
  8 slime creatures
  2 wolf spider simulacra (Gauntlet)
  6 hornets
  Prince Ribbit (D:7)
  A queen bee (D:10)
  2 spriggan zombies (D:15)
  10 blink frogs
  12 bog bodies
  6 hippogriffs
  4 spriggans
  8 wyverns
  2 centaur simulacra
  3 basilisks
  51 yaks
  4 shadows
  A fire elemental (D:14)
  7 wraiths
  20 vampire mosquitoes
  A steam dragon (D:10)
  2 hungry ghosts
  12 swamp worms
  4 insubstantial wisps (Swamp:3)
  A harpy simulacrum (Gauntlet)
  2 wargs
  35 orc warriors
  2 acid dragons
  4 porcupines
  13 water moccasins
  4 sky beasts
  8 swamp drakes
  A meliai simulacrum (Gauntlet)
  A black bear (Lair:1)
  A necrophage (D:15)
  5 ice beasts
  3 phantoms
  An eye of draining (D:15)
  6 ogres
  11 wolves (IceCv)
  A boggart (Gauntlet)
  25 centaurs
  10 crocodiles
  2 big kobolds (D:11)
  11 bullfrogs
  A gnoll sergeant (D:10)
  3 scorpions
  30 killer bees
  8 wights
  2 electric eels (Lair:5)
  7 howler monkeys
  5 crimson imps
  4 lava snakes (D:14)
  2 quasits
  A bullfrog zombie (D:12)
  18 orc priests
  6 hounds
  5 jellies
  4 centaur skeletons
  A gnoll shaman (D:5)
  An iron imp (D:5)
  4 bullfrog skeletons
  9 iguanas
  12 worker ants
  23 orc wizards
  5 hell rats
  A killer bee zombie (D:10)
  A hound skeleton (D:4)
  A worker ant zombie (D:5)
  Robin (D:2)
  9 gnolls
  19 adders
  6 shadow imps
  An adder skeleton (D:4)
  4 worms
  3 dart slugs (D:1)
  6 leopard geckos
  78 orcs
  4 giant cockroaches
  18 goblins
  10 hobgoblins
  17 jackals
  5 quokkas
  5 ball pythons
  7 bats
  6 frilled lizards
  A giant cockroach zombie (D:6)
  21 kobolds
  A quokka skeleton (D:9)
  5 rats
  A bush (Lair:6)
  A fire vortex (D:14)
  2 fungi (Lair:6)
  5 plants
929 creatures vanquished.

Vanquished Creatures (others)
  2 yaks (IceCv)
  7 wolves (IceCv)
  A frilled lizard (D:3)
  6 briar patches
  4 fungi
  16 plants
  3 withered plants (D:15)
39 creatures vanquished.

Grand Total: 968 creatures vanquished

Notes
Turn   | Place    | Note
-------+----------+-------------------------------------------
     0 | D:1      | ReteAZ the Gnoll Warper began the quest for the Orb.
     0 | D:1      | Reached XP level 1. HP: 20/20 MP: 6/6
    30 | D:1      | Reached XP level 2. HP: 25/26 MP: 7/7
   521 | D:1      | Reached XP level 3. HP: 29/31 MP: 9/9
   565 | D:1      | Reached skill level 5 in Spellcasting
   848 | D:2      | Noticed Robin
   919 | D:2      | Reached skill level 1 in Invocations
  1025 | D:2      | Reached skill level 1 in Short Blades
  1025 | D:2      | Reached skill level 1 in Long Blades
  1025 | D:2      | Reached skill level 1 in Axes
  1025 | D:2      | Reached skill level 1 in Maces & Flails
  1025 | D:2      | Reached skill level 1 in Polearms
  1025 | D:2      | Reached skill level 1 in Staves
  1025 | D:2      | Reached skill level 1 in Slings
  1025 | D:2      | Reached skill level 1 in Bows
  1025 | D:2      | Reached skill level 1 in Crossbows
  1025 | D:2      | Reached skill level 1 in Stealth
  1025 | D:2      | Reached skill level 1 in Shields
  1025 | D:2      | Reached skill level 1 in Evocations
  1396 | D:2      | Reached XP level 4. HP: 37/38 MP: 11/11
  1417 | D:2      | Killed Robin
  1653 | D:2      | Reached skill level 1 in Conjurations
  1653 | D:2      | Reached skill level 1 in Hexes
  1653 | D:2      | Reached skill level 1 in Charms
  1653 | D:2      | Reached skill level 1 in Summonings
  1653 | D:2      | Reached skill level 1 in Necromancy
  1653 | D:2      | Reached skill level 1 in Transmutations
  1653 | D:2      | Reached skill level 1 in Fire Magic
  1653 | D:2      | Reached skill level 1 in Ice Magic
  1653 | D:2      | Reached skill level 1 in Air Magic
  1653 | D:2      | Reached skill level 1 in Earth Magic
  1653 | D:2      | Reached skill level 1 in Poison Magic
  1653 | D:2      | Reached XP level 5. HP: 35/43 MP: 12/12
  2112 | D:2      | Found a sacrificial altar of Ru.
  2287 | D:3      | Found a stormy altar of Qazlal.
  2441 | D:3      | Reached XP level 6. HP: 38/50 MP: 13/13
  2591 | D:3      | Gained mutation: You have large cloven feet. [potion of
                  | mutation]
  2591 | D:3      | Gained mutation: You are somewhat resistant to further
                  | mutation. [potion of mutation]
  2599 | D:3      | Reached skill level 5 in Fighting
  2599 | D:3      | Reached skill level 5 in Dodging
  2599 | D:3      | Reached skill level 5 in Unarmed Combat
  2851 | D:3      | Found a faded altar of an unknown god.
  3040 | D:4      | Found Tezosk's Assorted Antiques.
  3324 | D:4      | Learned a level 2 spell: Blink
  3329 | D:4      | Learned a level 4 spell: Passage of Golubria
  3350 | D:4      | Reached XP level 7. HP: 39/56 MP: 12/15
  3502 | D:4      | Learned a level 3 spell: Confusing Touch
  3595 | D:4      | Found an opulent altar of Gozag.
  3806 | D:5      | Entered Level 5 of the Dungeon
  4218 | D:5      | Reached XP level 8. HP: 40/63 MP: 16/16
  4243 | D:5      | Found a snail-covered altar of Cheibriados.
  4253 | D:5      | Became a worshipper of Cheibriados the Contemplative
  4306 | D:5      | Found a glowing drain.
  4339 | Sewer    | Entered a sewer
  4589 | Sewer    | Reached * piety under Cheibriados
  5574 | D:6      | Found a staircase to the Ecumenical Temple.
  5583 | Temple   | Entered the Ecumenical Temple
  5892 | D:6      | Reached ** piety under Cheibriados
  6035 | D:6      | Reached XP level 9. HP: 53/69 MP: 18/18
  6468 | D:7      | Found an ornate altar of the Wu Jian Council.
  6690 | D:7      | Noticed Prince Ribbit
  6702 | D:7      | Killed Prince Ribbit
  6702 | D:7      | Reached skill level 5 in Throwing
  6702 | D:7      | Reached skill level 5 in Armour
  6757 | D:7      | Found a blossoming altar of Fedhas.
  7013 | D:8      | Reached *** piety under Cheibriados
  7652 | D:9      | Found Dyeg's Jewellery Shop.
  7659 | D:9      | Reached skill level 5 in Invocations
  7730 | D:9      | Reached XP level 10. HP: 77/77 MP: 20/20
  7760 | D:9      | Reached **** piety under Cheibriados
  7787 | D:9      | Found a shimmering altar of Xom.
  7810 | D:9      | Noticed Erolcha
  7950 | D:9      | Noticed Psyche
  7980 | D:9      | Killed Psyche
  7980 | D:9      | Reached skill level 5 in Short Blades
  7980 | D:9      | Reached skill level 5 in Long Blades
  7980 | D:9      | Reached skill level 5 in Axes
  7980 | D:9      | Reached skill level 5 in Maces & Flails
  7980 | D:9      | Reached skill level 5 in Polearms
  7980 | D:9      | Reached skill level 5 in Staves
  7980 | D:9      | Reached skill level 5 in Slings
  7980 | D:9      | Reached skill level 5 in Bows
  7980 | D:9      | Reached skill level 5 in Crossbows
  7980 | D:9      | Reached skill level 5 in Stealth
  7980 | D:9      | Reached skill level 5 in Shields
  7980 | D:9      | Reached skill level 5 in Evocations
  8159 | D:9      | Killed Erolcha
  8267 | D:10     | Entered Level 10 of the Dungeon
  8642 | D:10     | Reached ***** piety under Cheibriados
  8642 | D:10     | Reached XP level 11. HP: 84/84 MP: 22/22
  8667 | D:10     | Noticed a two-headed ogre
  9102 | D:10     | Killed a two-headed ogre
  9102 | D:10     | Reached skill level 5 in Conjurations
  9102 | D:10     | Reached skill level 5 in Hexes
  9102 | D:10     | Reached skill level 5 in Charms
  9102 | D:10     | Reached skill level 5 in Summonings
  9102 | D:10     | Reached skill level 5 in Necromancy
  9102 | D:10     | Reached skill level 5 in Transmutations
  9102 | D:10     | Reached skill level 5 in Fire Magic
  9102 | D:10     | Reached skill level 5 in Ice Magic
  9102 | D:10     | Reached skill level 5 in Air Magic
  9102 | D:10     | Reached skill level 5 in Earth Magic
  9102 | D:10     | Reached skill level 5 in Poison Magic
  9294 | D:11     | Got a sparkling turquoise ring
  9377 | D:11     | Noticed a cyclops
  9457 | D:11     | Noticed Harold
  9460 | D:11     | Found a frozen archway.
  9473 | D:11     | Killed Harold
  9488 | IceCv    | Entered an ice cave
 10797 | IceCv    | Got a shimmering ivory amulet
 10801 | IceCv    | Identified the amulet of Joesenes {Gourm Int+2} (You found
                  | it in an ice cave)
 10805 | IceCv    | Identified the ring "Patuali" {rPois MP+9 Str+2 Stlth+}
                  | (You found it on level 11 of the Dungeon)
 10851 | IceCv    | Reached ****** piety under Cheibriados
 10920 | IceCv    | Got a dazzling morningstar
 10959 | IceCv    | Identified the +7 morningstar of Darkness {freeze, rPois}
                  | (You found it in an ice cave)
 11096 | IceCv    | Reached XP level 12. HP: 82/93 MP: 24/24
 11149 | IceCv    | Noticed a death yak
 11163 | IceCv    | Killed a death yak
 11258 | IceCv    | Noticed a frost giant
 11258 | IceCv    | Noticed a death yak
 11275 | IceCv    | Killed a death yak
 11547 | IceCv    | Killed a frost giant
 11627 | D:11     | Noticed a four-headed hydra
 11633 | D:11     | Killed a four-headed hydra
 11639 | D:11     | Found a staircase to the Lair.
 11731 | D:11     | Noticed a six-headed hydra
 11742 | D:11     | Killed a six-headed hydra
 12010 | D:11     | Found a staircase to the Orcish Mines.
 12284 | Lair:1   | Entered Level 1 of the Lair of Beasts
 12288 | Lair:1   | Reached XP level 13. HP: 101/101 MP: 26/26
 12714 | Lair:1   | Found a runed translucent gate.
 12714 | Lair:1   | Found a runed translucent gate.
 12714 | Lair:1   | Found a runed translucent gate.
 12714 | Lair:1   | Noticed a minotaur
 12720 | Lair:1   | Noticed Nixze's ghost (journeyman GrVM)
 12836 | Lair:1   | Got a scorched tin amulet
 13124 | Lair:1   | Got a faintly glowing trident
 13352 | Lair:2   | Found a staircase to the Swamp.
 13473 | Lair:2   | Identified the cursed +1 trident of the Beast {holy, rF+}
                  | (You found it on level 1 of the Lair of Beasts)
 13654 | Lair:2   | Identified Katzeum's Papyrus of Aerial Earth
 14403 | Lair:3   | Found a hole to the Spider Nest.
 14793 | Lair:4   | Identified a scroll of acquirement
 14793 | Lair:4   | Identified Kiyhua's Incunabulum of Ensnaring Confrontation
                  | (You acquired it on level 4 of the Lair of Beasts)
 16028 | Lair:5   | Reached skill level 10 in Spellcasting
 16053 | Lair:5   | Reached XP level 14. HP: 105/109 MP: 28/28
 16250 | Lair:5   | Identified the amulet of Ycosyrph {Inacc +Blink} (You found
                  | it on level 1 of the Lair of Beasts)
 16870 | Lair:6   | Entered Level 6 of the Lair of Beasts
 16875 | Lair:6   | Reached skill level 10 in Fighting
 16875 | Lair:6   | Reached skill level 10 in Dodging
 16875 | Lair:6   | Reached skill level 10 in Unarmed Combat
 16916 | Lair:6   | Found a gate leading to a gauntlet.
 16930 | Gauntlet | Entered a Gauntlet
 16930 | Gauntlet | Found a transporter.
 16930 | Gauntlet | Found a transporter.
 16930 | Gauntlet | Found a transporter.
 16930 | Gauntlet | Found a transporter.
 17082 | Gauntlet | Found a transporter.
 17082 | Gauntlet | Found a transporter.
 17093 | Gauntlet | Found a transporter.
 17093 | Gauntlet | Found a transporter.
 17096 | Gauntlet | Found a transporter.
 17096 | Gauntlet | Found a transporter.
 17110 | Gauntlet | Found a transporter.
 17220 | Gauntlet | Found a transporter.
 17502 | Gauntlet | Got a twitching brass ring
 17514 | Gauntlet | Identified the ring "Upirphyu" {*Slow rC++ EV+1} (You found
                  | it in a Gauntlet)
 17547 | Gauntlet | Got a pair of faintly humming gloves
 17553 | Gauntlet | Identified the +2 pair of gloves of the Big Bang {rPois
                  | Regen+} (You found it in a Gauntlet)
 17635 | Lair:6   | Reached skill level 10 in Invocations
 17644 | Lair:6   | Found the +5 robe of Night {Dark MR+ SInv}
 17680 | Lair:6   | Noticed a dire elephant
 17770 | Lair:6   | Learned a level 5 spell: Borgnjor's Vile Clutch
 17776 | Lair:6   | Learned a level 5 spell: Silence
 17802 | Lair:6   | Killed a dire elephant
 17807 | Lair:6   | HP: 4/111 [komodo dragon (12)]
 18183 | Lair:6   | Found a viscous altar of Jiyva.
 18183 | Lair:6   | Found a staircase to the Slime Pits.
 18420 | Lair:6   | Identified the +7 flail of Nuzosh {vorpal, +Rage rF- rC+
                  | rN+++} (You found it on level 6 of the Lair of Beasts)
 18753 | Orc:1    | Entered Level 1 of the Orcish Mines
 18753 | Orc:1    | Found Ewaiq's Food Shoppe.
 18916 | Orc:1    | Reached XP level 15. HP: 115/117 MP: 29/29
 19219 | Orc:2    | Entered Level 2 of the Orcish Mines
 19219 | Orc:2    | Found Jyorhuq's Antique Weapon Shop.
 19675 | Orc:2    | Reached skill level 10 in Throwing
 19675 | Orc:2    | Reached skill level 10 in Armour
 19735 | Orc:2    | Found a staircase to the Elven Halls.
 19832 | Orc:2    | Found Nasaton's Antique Armour Shoppe.
 19832 | Orc:2    | Found Zytt's Gadget Shop.
 19834 | Orc:2    | Found Timaru's General Store.
 19836 | Orc:2    | Found Ryolagg's General Store.
 19843 | Orc:2    | Bought a scroll of identify for 20 gold pieces
 19850 | Orc:2    | Bought a shiny helmet for 232 gold pieces
 19850 | Orc:2    | Bought a slimy cloak for 294 gold pieces
 19860 | Orc:2    | Identified the +4 cloak of Deopt {+Inv Str+7 Slay-4} (You
                  | bought it in a shop on level 2 of the Orcish Mines)
 20623 | D:12     | Identified the +7 trident of the Jester {vamp, MP+9}
 20625 | D:12     | Noticed Josephine
 20639 | D:12     | Killed Josephine
 20703 | D:12     | Reached skill level 10 in Translocations
 20776 | D:12     | Identified the Incunabulum of Air
 20786 | D:12     | Got a pitted platinum ring
 20788 | D:12     | Identified the ring "Tewonn" {rN++ rCorr Str+4} (You found
                  | it on level 12 of the Dungeon)
 20798 | D:12     | Got an ancient leather armour
 20809 | D:12     | Identified the +1 leather armour of Zin's Benevolence
                  | {-Tele rElec rPois MR++} (You found it on level 12 of the
                  | Dungeon)
 20939 | D:12     | Noticed Rupert
 20955 | D:12     | Killed Rupert
 20955 | D:12     | Reached skill level 10 in Short Blades
 20955 | D:12     | Reached skill level 10 in Long Blades
 20955 | D:12     | Reached skill level 10 in Axes
 20955 | D:12     | Reached skill level 10 in Maces & Flails
 20955 | D:12     | Reached skill level 10 in Polearms
 20955 | D:12     | Reached skill level 10 in Staves
 20955 | D:12     | Reached skill level 10 in Slings
 20955 | D:12     | Reached skill level 10 in Bows
 20955 | D:12     | Reached skill level 10 in Crossbows
 20955 | D:12     | Reached skill level 10 in Stealth
 20955 | D:12     | Reached skill level 10 in Shields
 20955 | D:12     | Reached skill level 10 in Evocations
 21731 | D:13     | Found a gate to the Vaults.
 22188 | D:14     | Reached XP level 16. HP: 125/125 MP: 31/31
 22839 | D:15     | Entered Level 15 of the Dungeon
 23088 | D:15     | Found a staircase to the Depths.
 23695 | D:15     | Found a hazy altar of Hepliaklqana.
 23899 | Swamp:1  | Entered Level 1 of the Swamp
 24757 | Swamp:2  | Upgraded the game from 0.25-a0-571-gb5e01bddfa to
                  | 0.25-a0-576-g50b708a4c4
 24955 | Swamp:2  | Noticed a tentacled monstrosity
 24968 | Swamp:2  | Killed a tentacled monstrosity
 25390 | Swamp:2  | Reached XP level 17. HP: 100/133 MP: 33/33
 26586 | Swamp:4  | Entered Level 4 of the Swamp
 26974 | Swamp:4  | Noticed the 27-headed Lernaean hydra
 26985 | Swamp:4  | HP: 6/133 [the 27-headed Lernaean hydra (11)]
 26985 | Swamp:4  | Mangled by the 27-headed Lernaean hydra

Levels and vault maps discovered:
D:1:      beargit_arrival_greenhouse, layout_loops_cross
D:2:      layout_basic, lemuel_coloured_pillars_altar, first_ration, uniq_robin
D:3:      layout_loops_ring, nicolae_qazlal_general_emergency,
          chequers_ecumenical_altar_simple_redux
D:4:      layout_basic, grunt_gozag_statues, serial_shops,
          nicolae_shop_statue_plus
D:5:      layout_loops_ring, slow_altar_1, cheibrodos_sewer_entry_bend,
          hangedman_decor_lopped, grunt_ministairs_12
D:6:      layout_basic, temple_statues
D:7:      layout_basic, fedhas_ov_isle_minmay, lemuel_doored_altar, hex_large,
          uniq_prince_ribbit1
D:8:      layout_loops_ring, patterned_corridor
D:9:      layout_big_octagon, serial_shops, nicolae_shop_trees, basic_altar,
          uniq_psyche, uniq_erolcha
D:10:     layout_stronghold, david_nohive_1
D:11:     layout_loops_ring, david_lair_generic,
          portal_ice_cave_entry_pillars_1, uniq_harold
D:12:     layout_loops_ring, chequers_serial_rivers_micro_d,
          minmay_the_grid_square_5x5_3x3_mashed
          [minmay_the_grid_square_5x5_broken_cross,
          minmay_the_grid_square_5x5_three_small,
          minmay_the_grid_square_5x5_corner, minmay_the_grid_square_5x5_three,
          minmay_the_grid_square_5x5_megaprize_diamond,
          minmay_the_grid_square_5x5_forky, minmay_the_grid_square_5x5_two,
          minmay_the_grid_square_5x5_intrusive_squares,
          minmay_the_grid_square_5x5_one_wall], uniq_josephine, uniq_rupert
D:13:     layout_roguey, erik_vaults_2, kennysheep_path_1
D:14:     layout_small_grid, kennysheep_boxes
D:15:     gammafunk_depths_entry_grave, layout_loops_ring, basic_altar,
          kennysheep_crisscross, st_stairs_1
Temple:   compressed_dpeg_circular_temple
Lair:1:   beast_lair_carwin_large_3, layout_loops_ring,
          maelrawn_ghost_gauntlet_escape
Lair:2:   layout_misc_corridors, swamp_mist, minmay_lindwurm_lava
Lair:3:   layout_roguey, nicolae_spider_entry_orb_guardian, minmay_holes,
          lemuel_fruit_fields
Lair:4:   layout_long_grid
Lair:5:   layout_regular_city, serial_bayou, serial_bayou_pond_c,
          serial_bayou_pond_b, serial_bayou_pond_c, serial_bayou_pond_a,
          serial_bayou_lagoon_b, serial_bayou_shore_b
Lair:6:   gammafunk_lair_ancient_temple, layout_misc_corridors,
          dpeg_slime_entry_enclosed_altar, gauntlet_entry_generic
Swamp:1:  layout_basic_swamp, infiniplex_staircase_pool
Swamp:2:  layout_basic_swamp, nicolae_swamp_dense_foliage
Swamp:3:  layout_basic_swamp, evilmike_swamp_ruin_house_3
Swamp:4:  swamp_old_school, layout_basic_swamp
Orc:1:    layout_caves, serial_shops, shop_fountains
Orc:2:    st_orc_rangers, layout_diamond_mine, serial_shops, shop,
          statue_in_the_mist_lemuel

Skill      XL: |  1  2  3  4  5  6  7  8  9 10 11 12 13 14 15 16 17 |
---------------+----------------------------------------------------+-----
Spellcasting   | 5 6 7 8 9 10 11 12 | 12.2
Invocations    | 1 2 3 4 5 6 7 8 9 10 11 12 | 12.2
Short Blades   | 1 2 3 4 5 6 7 8 9 10 11 | 11.3
Long Blades    | 1 2 3 4 5 6 7 8 9 10 11 | 11.3
Axes           | 1 2 3 4 5 6 7 8 9 10 11 | 11.3
Maces & Flails | 1 2 3 4 5 6 7 8 9 10 11 | 11.3
Polearms       | 1 2 3 4 5 6 7 8 9 10 11 | 11.3
Staves         | 1 2 3 4 5 6 7 8 9 10 11 | 11.3
Slings         | 1 2 3 4 5 6 7 8 9 10 11 | 11.3
Bows           | 1 2 3 4 5 6 7 8 9 10 11 | 11.3
Crossbows      | 1 2 3 4 5 6 7 8 9 10 11 | 11.3
Stealth        | 1 2 3 4 5 6 7 8 9 10 11 | 11.3
Shields        | 1 2 3 4 5 6 7 8 9 10 11 | 11.3
Evocations     | 1 2 3 4 5 6 7 8 9 10 11 | 11.3
Conjurations   | 1 2 3 4 5 6 7 8 9 |  9.6
Hexes          | 1 2 3 4 5 6 7 8 9 |  9.6
Charms         | 1 2 3 4 5 6 7 8 9 |  9.6
Summonings     | 1 2 3 4 5 6 7 8 9 |  9.6
Necromancy     | 1 2 3 4 5 6 7 8 9 |  9.6
Transmutations | 1 2 3 4 5 6 7 8 9 |  9.6
Fire Magic     | 1 2 3 4 5 6 7 8 9 |  9.6
Ice Magic      | 1 2 3 4 5 6 7 8 9 |  9.6
Air Magic      | 1 2 3 4 5 6 7 8 9 |  9.6
Earth Magic    | 1 2 3 4 5 6 7 8 9 |  9.6
Poison Magic   | 1 2 3 4 5 6 7 8 9 |  9.6
Throwing       | 3 4 5 6 7 8 9 10 11 | 11.6
Armour         | 3 4 5 6 7 8 9 10 11 | 11.6
Fighting       | 5 6 7 8 9 10 11 12 | 12.1
Dodging        | 5 6 7 8 9 10 11 12 | 12.1
Unarmed Combat | 5 6 7 8 9 10 11 12 | 12.1
Translocations | 6 7 8 9 10 11 | 11.0

Action                   |  1- 3 |  4- 6 |  7- 9 | 10-12 | 13-15 | 16-18 || total
-------------------------+-------+-------+-------+-------+-------+-------++-------
Melee: Unarmed           |   119 |   245 |   241 |       |       |       ||   605
       Bite              |    14 |    21 |    58 |    94 |   217 |   220 ||   624
       Punch             |     4 |     3 |       |       |       |       ||     7
       Kick              |       |    12 |   168 |   297 |   558 |       ||  1035
       Long sword        |       |       |   156 |   381 |   248 |       ||   785
       Morningstar       |       |       |       |    49 |   391 |       ||   440
       Trident           |       |       |       |       |   353 |  1027 ||  1380
Throw: Boomerang         |       |     1 |     4 |    16 |    20 |     4 ||    45
       Stone             |       |       |     2 |    11 |       |       ||    13
 Cast: Passage of Golubr |       |     1 |       |       |     1 |       ||     2
       Borgnjor's Vile C |       |       |       |       |     3 |     1 ||     4
       Blink             |       |       |       |       |     1 |       ||     1
       Confusing Touch   |       |       |       |       |     1 |       ||     1
Invok: Slouch            |       |       |       |     1 |     4 |     4 ||     9
Evoke: Lamp of fire      |       |       |       |     2 |     1 |       ||     3
       Wand              |       |       |       |     8 |     2 |     1 ||    11
  Use: Potion            |       |     4 |       |     2 |     2 |     3 ||    11
       Scroll            |       |       |     3 |    15 |    14 |     2 ||    34
 Stab: Sleeping          |       |     1 |     5 |     7 |    34 |    20 ||    67
       Distracted        |       |       |       |       |    10 |     1 ||    11
       Petrified         |       |       |       |       |     2 |       ||     2
       Confused          |       |       |       |       |     1 |     2 ||     3
  Eat: Chunk             |     1 |     7 |    10 |    23 |    21 |    11 ||    73
Armor: Leather armour    |    40 |     8 |       |       |    27 |   168 ||   243
       Animal skin       |       |    27 |    25 |       |       |       ||    52
       Skin              |       |     2 |       |       |       |       ||     2
       Plate armour      |       |       |    27 |       |       |       ||    27
       Scale mail        |       |       |    38 |    69 |   184 |       ||   291
       Troll leather arm |       |       |       |    13 |       |       ||    13
Dodge: Dodged            |   111 |   166 |   191 |   394 |   665 |   556 ||  2083
Block: Buckler           |       |     7 |    89 |   188 |   199 |       ||   483
       Tower shield      |       |       |       |       |   527 |  1025 ||  1552
       Rpst.: Long sword |       |       |    26 |    77 |    37 |       ||   140

Table legend:
 A = Non-vault XP
 B = Vault XP
 C = Vault XP percentage of total XP
 D = Non-vault monster count
 E = Vault monster count
 F = Vault count percentage of total count
                 A         B        C        D         E       F
            +---------+---------+-------+---------+---------+-------
      Total |  133943 |   72404 |  35.1 |     674 |     247 |  26.8
            +---------+---------+-------+---------+---------+-------
        D:1 |      44 |       0 |   0.0 |      23 |       0 |   0.0
        D:2 |     140 |      36 |  20.5 |      29 |      13 |  31.0
        D:3 |     228 |       0 |   0.0 |      21 |       0 |   0.0
        D:4 |     319 |      88 |  21.6 |      18 |       1 |   5.3
        D:5 |     708 |      50 |   6.6 |      24 |       3 |  11.1
        D:6 |    1159 |       0 |   0.0 |      29 |       0 |   0.0
        D:7 |     145 |     268 |  64.9 |       5 |       1 |  16.7
        D:8 |     689 |       0 |   0.0 |      14 |       0 |   0.0
        D:9 |    1815 |    1341 |  42.5 |      29 |       2 |   6.5
       D:10 |    3185 |    1231 |  27.9 |      41 |      17 |  29.3
       D:11 |    5665 |    2001 |  26.1 |      43 |       5 |  10.4
       D:12 |    4324 |   11401 |  72.5 |      25 |      23 |  47.9
       D:13 |    8060 |    7703 |  48.9 |      30 |       8 |  21.1
       D:14 |   13430 |       0 |   0.0 |      36 |       0 |   0.0
       D:15 |    8282 |    5677 |  40.7 |      25 |      10 |  28.6
     Temple |     149 |       0 |   0.0 |       1 |       0 |   0.0
     Lair:1 |    3771 |    2152 |  36.3 |      13 |       8 |  38.1
     Lair:2 |    5001 |       0 |   0.0 |      15 |       0 |   0.0
     Lair:3 |    3660 |     605 |  14.2 |      13 |       1 |   7.1
     Lair:4 |    4573 |       0 |   0.0 |      20 |       0 |   0.0
     Lair:5 |    7557 |     101 |   1.3 |      30 |       1 |   3.2
     Lair:6 |    7376 |   10339 |  58.4 |      26 |      25 |  49.0
    Swamp:1 |   13706 |       0 |   0.0 |      29 |       0 |   0.0
    Swamp:2 |   15916 |       0 |   0.0 |      41 |       0 |   0.0
    Swamp:3 |   11026 |       0 |   0.0 |      25 |       0 |   0.0
    Swamp:4 |    8629 |    3481 |  28.7 |      18 |       7 |  28.0
      Orc:1 |    2004 |       0 |   0.0 |      23 |       0 |   0.0
      Orc:2 |    2382 |    5464 |  69.6 |      28 |      40 |  58.8
      Sewer |       0 |      83 | 100.0 |       0 |      22 | 100.0
      IceCv |       0 |   12536 | 100.0 |       0 |      46 | 100.0
   Gauntlet |       0 |    7847 | 100.0 |       0 |      14 | 100.0
            +---------+---------+-------+---------+---------+-------
